 Dungeon Crawl Stone Soup version 0.26.0-15-gc6cd9f700b (webtiles) character file.

Game seed: 17536989680290268944

114267 ythm the Brawler (level 16, -5/136 (158) HPs)
             Began as a Troll Hunter on Jan 15, 2021.
             Was the Champion of Okawaru.
             Killed from afar by a deep elf death mage (52 damage)
             ... with a bolt of negative energy
             ... on level 1 of the Elven Halls.
             The game lasted 01:07:32 (24648 turns).

ythm the Brawler (Troll Hunter)                    Turns: 24648, Time: 01:07:33

HP:   -5/136 (158)  AC: 21    Str: 25    XL:     16   Next: 15%
MP:   21/21         EV:  5    Int:  7    God:    Okawaru [******]
Gold: 987           SH: 23    Dex: 14    Spells: 14/15 levels left

rFire    + + .     SeeInvis +     - Unarmed
rCold    + + +     Faith    .   m - +0 tower shield {rC+}
rNeg     . . .     Spirit   .   Z - +0 shadow dragon scales
rPois    .         Reflect  +   C - +2 hat
rElec    +         Harm     .   i - scarf {rC+ rF+}
rCorr    +         Rampage  .   (gloves unavailable)
Will     ++...                  (boots unavailable)
Stlth    +++.......             A - amulet of reflection
HPRegen  0.72/turn              z - ring of Xom's Whimsicality {rF+ rC+ rCorr}
MPRegen  0.17/turn              l - ring "Doluogi" {rElec Will+ Slay+2 SInv}

@: heavily drained
A: large, unfitting armour, claws 3, regeneration 1, shaggy fur 1, tough skin 3
a: Renounce Religion, Heroism, Finesse


You were on level 1 of the Elven Halls.
You worshipped Okawaru.
Okawaru was exalted by your worship.
You visited 6 branches of the dungeon, and saw 26 of its levels.
You also visited: Bailey and Gauntlet.

You collected 2825 gold pieces.
You spent 1729 gold pieces at shops.
You donated 109 gold pieces to Zin.

Inventory:

Hand Weapons
 E - a +2 scimitar of flaming
Missiles
 c - 27 large rocks (quivered)
 d - 4 throwing nets
 N - 5 curare-tipped darts
 X - 29 javelins
Armour
 i - a scarf of resistance (worn)
 m - a +0 tower shield of cold resistance (worn)
 C - a +2 hat (worn)
 J - the +2 kite shield of Pantheism {rN+ rCorr}
   (Okawaru gifted it to you on level 4 of the Lair of Beasts)

   It protects you from negative energy.
   It provides partial protection from all sources of acid and corrosion.
 Z - +0 shadow dragon scales (worn)
Jewellery
 k - an uncursed ring of willpower
 l - the ring "Doluogi" (right claw) {rElec Will+ Slay+2 SInv}
   (You found it in a Gauntlet)

   [ring of see invisible]

   It affects your accuracy and damage with ranged weapons and melee attacks
   (+2).
   It insulates you from electricity.
   It affects your willpower, your defense against some magical effects.
   It lets you see invisible.
 v - an uncursed ring of flight
 z - the ring of Xom's Whimsicality (left claw) {rF+ rC+ rCorr}
   (You found it on level 15 of the Dungeon)

   [ring of resist corrosion]

   It protects you from fire.
   It protects you from cold.
   It provides partial protection from all sources of acid and corrosion.
 A - an amulet of reflection (around neck)
 Q - an uncursed ring of stealth
 T - an uncursed ring of fire
Wands
 b - a wand of enslavement (13)
 w - a wand of iceblast (19)
 y - a wand of acid (16)
 G - a wand of digging (5)
 I - a wand of paralysis (19)
Scrolls
 g - 10 scrolls of remove curse
 j - 11 scrolls of teleportation
 o - 7 scrolls of fear
 q - 7 scrolls of amnesia
 t - 6 scrolls of blinking
 u - 4 scrolls of immolation
 B - 5 scrolls of fog
 D - 9 scrolls of enchant armour
 F - 5 scrolls of magic mapping
 L - a scroll of summoning
 M - 5 scrolls of identify
 P - a scroll of holy word
Potions
 a - 5 potions of flight
 e - 3 potions of invisibility
 f - 3 potions of heal wounds
 h - 12 potions of curing
 n - 3 potions of attraction
 p - 2 potions of mutation
 r - a potion of cancellation
 s - 4 potions of brilliance
 H - 3 potions of might
 K - 3 potions of haste
 O - 2 potions of resistance
 R - a potion of berserk rage
 S - a potion of ambrosia
 U - 2 potions of magic
Miscellaneous
 x - a condenser vane
 V - a lightning rod (4/4)
 W - a phantom mirror


   Skills:
 + Level 10.1 Fighting
 - Level 9.0 Throwing
 + Level 12.9 Armour
 - Level 2.0 Dodging
 - Level 1.0 Stealth
 - Level 9.0 Shields
 + Level 17.1 Unarmed Combat
 - Level 9.0 Invocations


You had 14 spell levels left.
You knew the following spells:

 Your Spells              Type           Power        Failure   Level
a - Apportation           Tloc           0%           100%        1

Your spell library contained the following spells:

 Spells                   Type           Power        Failure   Level
 Animate Skeleton         Necr           0%           100%        1
 Beastly Appendage        Tmut           0%           100%        1
 Corona                   Hex            0%           100%        1
 Magic Dart               Conj           0%           100%        1
 Sandblast                Erth           0%           100%        1
 Shock                    Conj/Air       0%           100%        1
 Summon Small Mammal      Summ           0%           100%        1
 Blink                    Tloc           N/A          100%        2
 Call Imp                 Summ           0%           100%        2
 Ensorcelled Hibernation  Hex/Ice        0%           100%        2
 Passwall                 Tmut/Erth      0%           100%        2
 Searing Ray              Conj           0%           100%        2
 Slow                     Hex            0%           100%        2
 Swiftness                Air            0%           100%        2
 Wereblood                Tmut           0%           100%        2
 Call Canine Familiar     Summ           0%           100%        3
 Confusing Touch          Hex            0%           100%        3
 Conjure Flame            Conj/Fire      0%           100%        3
 Dazzling Flash           Conj/Hex       0%           100%        3
 Inner Flame              Hex/Fire       0%           100%        3
 Mephitic Cloud           Conj/Pois/Air  0%           100%        3
 Portal Projectile        Hex/Tloc       0%           100%        3
 Static Discharge         Conj/Air       0%           100%        3
 Stone Arrow              Conj/Erth      0%           100%        3
 Summon Guardian Golem    Hex/Summ       0%           100%        3
 Tukima's Dance           Hex            0%           100%        3
 Airstrike                Air            0%           100%        4
 Fulminant Prism          Conj/Hex       0%           100%        4
 Iskenderun's Mystic Bla  Conj/Tloc      0%           100%        4
 Petrify                  Tmut/Erth      0%           100%        4
 Summon Ice Beast         Ice/Summ       0%           100%        4
 Summon Lightning Spire   Summ/Air       0%           100%        4
 Blade Hands              Tmut           0%           100%        5
 Irradiate                Conj/Tmut      0%           100%        5
 Lee's Rapid Deconstruct  Erth           0%           100%        5
 Lightning Bolt           Conj/Air       0%           100%        5
 Silence                  Hex/Air        0%           100%        5
 Summon Mana Viper        Hex/Summ       0%           100%        5
 Yara's Violent Unravell  Hex/Tmut       0%           100%        5
 Starburst                Conj/Fire      0%           100%        6
 Statue Form              Tmut/Erth      0%           100%        6
 Discord                  Hex            0%           100%        8
 Ignition                 Fire           0%           100%        8


Dungeon Overview and Level Annotations

Branches:
Dungeon (15/15)            Temple (1/1) D:6            Lair (6/6) D:11
 Shoals (0/4) Lair:4        Snake (0/4) Lair:2        Slime (1/5) Lair:5
    Orc (2/2) D:11            Elf (1/3) Orc:2        Vaults (0/5) D:13
 Depths (0/5) D:15         Bailey (visited)         Gauntlet (visited)

Altars:
Ashenzari
Cheibriados
Dithmenos
Elyvilon
Fedhas
Gozag
Hepliaklqana
Kikubaaqudgha
Makhleb
Nemelex Xobeh
Okawaru
Qazlal
Ru
Sif Muna
Trog
Uskayaw
Vehumet
Wu Jian
Xom
Yredelemnul
Zin
The Shining One
Beogh
Lugonu

Shops:
D:4 *   D:11 (   D:12 *   Orc:2 [:*(

Portals:
Abyss: Lair:5


Innate Abilities, Weirdness & Mutations

You are too large for most types of armour.
You have claws for hands.
Your natural rate of healing is unusually fast.
You are covered in fur. (AC +1)
You have extremely tough skin. (AC +3)


Message History

You miss the deep elf knight.
The deep elf knight is severely wounded.
The deep elf knight points at you and mumbles some strange words.
The shard of ice misses you.
You scratch the deep elf death mage.
The deep elf death mage is lightly wounded.
You block the deep elf death mage's attack.
The deep elf knight points at you and mumbles some strange words.
The shard of ice hits you!! You partially resist.
Unknown command.
Your shield prevents you from hitting the deep elf death mage.
The deep elf death mage is lightly wounded.
The deep elf death mage hits you but does no damage.
The deep elf knight hits you with a +0 long sword!
Unknown command.
You mangle the deep elf death mage!!
The deep elf death mage is moderately wounded.
The deep elf death mage points at you and mumbles some strange words.
The bolt of negative energy hits you!!!
You feel drained.
You die...

.. ##.# .#.#. #..
...# .#.#. ##.#
#######.#. #..#
#......... #..##
#.........
###...###.........
###.#.#..##.ee..(...
#....<....#.@.......
###.#.#..#..........
#.#....*./........
#.#....?....*.....
#.#...............
#.............##..
####....)....... .
#.#...........
#.#...........


You could see a deep elf death mage, a deep elf knight and 2 lost souls.

Vanquished Creatures
  Kirke (D:14)
  Roxanne (D:15)
  2 orc warlords (Orc:1)
  A war gargoyle (D:13)
  The ghost of ZLogic the Unseen, a journeyman SpEn of Kikubaaqudgha (D:15)
  2 entropy weavers (D:12)
  An ettin (Orc:1)
  A minotaur (Gauntlet)
  A death ooze (Gauntlet)
  Josephine (D:14)
  A yaktaur captain (D:15)
  2 hydras (D:12)
  Erolcha (D:9)
  A rakshasa (D:15)
  3 boulder beetles
  2 centaur warriors (D:15)
  8 vault guards (D:13)
  Erica (Lair:2)
  A merfolk avatar (Lair:6)
  2 two-headed ogres
  12 death yaks
  A queen ant (D:12)
  4 orc high priests (Orc:2)
  A tengu warrior (D:12)
  A deep elf knight (Elf:1)
  Sonja (Lair:1)
  Nergalle (Lair:1)
  6 skeletal warriors (D:15)
  An unseen horror (D:15)
  A sea snake (Lair:6)
  A flayed ghost (D:15)
  2 tengu zombies (D:15)
  A necromancer (D:15)
  4 orc knights
  A wizard (D:14)
  A wolf spider zombie (D:15)
  4 cyclopes
  4 orc sorcerers
  2 ugly things
  3 centaur zombies
  3 oklob plants
  3 manticores
  A merfolk siren (Lair:4)
  5 black mambas
  11 elephants
  5 gargoyles
  A torpor snail (Lair:3)
  2 centaur skeletons
  A yaktaur zombie (D:15)
  A kobold demonologist (D:10)
  A yaktaur (D:13)
  19 cane toads
  8 rime drakes
  A redback zombie (D:15)
  A freezing wraith (D:15)
  15 komodo dragons
  3 tengu conjurers
  3 meliai (Gauntlet)
  6 trolls
  2 polar bears (Lair:6)
  A hornet (Lair:6)
  A wind drake (Lair:5)
  A wind drake (shapeshifter) (D:15)
  11 slime creatures
  A merfolk (D:14)
  Prince Ribbit (D:7)
  4 dream sheep (Lair:3)
  An ice dragon zombie (D:15)
  3 blink frogs (Lair:4)
  A dream sheep (shapeshifter) (D:11)
  A shadow (D:15)
  5 water elementals
  11 wyverns
  Eustachio (D:4)
  6 wraiths
  Grum (D:9)
  37 yaks
  2 hogs (D:14)
  A basilisk (Lair:4)
  A human (D:14)
  6 vampire mosquitoes
  Menkaure (D:7)
  5 wargs
  12 soldier ants
  3 nagas (Lair:2)
  Duvessa (D:7)
  An acid dragon (D:15)
  16 water moccasins
  45 orc warriors
  2 black bears
  3 sky beasts
  A hornet zombie (D:11)
  16 ogres
  2 phantoms (D:11)
  An eye of draining (D:15)
  4 ice beasts
  32 wolves
  11 centaurs
  4 big kobolds
  14 bullfrogs
  A wyvern zombie (D:11)
  Dowan (D:7)
  2 wyvern skeletons
  8 scorpions
  9 killer bees
  16 wights
  3 electric eels
  A crimson imp (D:14)
  4 bullfrog zombies
  A quasit (D:10)
  6 jellies
  9 hounds
  Crazy Yiuf (D:7)
  10 orc priests
  A gnoll shaman (D:7)
  18 orc wizards
  A bullfrog skeleton (D:12)
  4 iguanas
  Ijyb (D:3)
  16 hell rats
  26 worker ants
  A hound zombie (D:8)
  A mummy (D:15)
  A worker ant zombie (D:6)
  16 adders
  5 gnolls (D:7)
  2 howler monkey skeletons
  13 river rats (Lair:2)
  A shadow imp (D:9)
  3 white imps
  An ooze (D:3)
  2 adder skeletons
  An adder zombie (D:5)
  A worm (D:3)
  The ghost of ardl the Sneak, a weakling FoDe (D:13)
  6 dart slugs
  7 leopard geckos
  65 orcs
  5 ball pythons (D:3)
  7 bats
  A giant cockroach (D:4)
  11 goblins
  13 hobgoblins
  13 jackals
  9 quokkas
  A ball python zombie (D:6)
  4 frilled lizards
  31 kobolds
  A leopard gecko skeleton (D:8)
  A leopard gecko zombie (D:7)
  2 quokka skeletons
  18 rats
  A bush (Lair:1)
833 creatures vanquished.

Vanquished Creatures (others)
  A hound (D:14)
  An orc (Orc:2)
  A kobold (D:13)
  2 bushes (Lair:6)
  36 fungi
  A lurking horror (Lair:5)
  74 plants
  12 withered plants (D:15)
128 creatures vanquished.

Grand Total: 961 creatures vanquished

Notes
Turn   | Place    | Note
-------+----------+-------------------------------------------
     0 | D:1      | ythm the Troll Hunter began the quest for the Orb.
     0 | D:1      | Reached XP level 1. HP: 19/19 MP: 0/0
   123 | D:1      | Reached skill level 1 in Unarmed Combat
   312 | D:1      | Reached XP level 2. HP: 26/27 MP: 1/1
   402 | D:1      | Reached skill level 2 in Unarmed Combat
   830 | D:2      | Reached XP level 3. HP: 33/33 MP: 2/2
   918 | D:2      | Reached skill level 3 in Unarmed Combat
  1126 | D:2      | Found a faded altar of an unknown god.
  1241 | D:2      | Became a worshipper of Zin the Law-Giver
  1241 | D:2      | Reached * piety under Zin
  1242 | D:2      | Donated 35 gold pieces to Zin
  1273 | D:2      | Found an ancient bone altar of Kikubaaqudgha.
  1290 | D:2      | Reached XP level 4. HP: 39/41 MP: 3/3
  1378 | D:2      | You fall into a shaft and drop 1 floor!
  1399 | D:3      | Reached skill level 4 in Unarmed Combat
  1464 | D:3      | Reached ** piety under Zin
  1552 | D:3      | Noticed Ijyb
  1559 | D:3      | Killed Ijyb
  1582 | D:3      | Reached XP level 5. HP: 48/48 MP: 4/4
  1790 | D:3      | Reached skill level 5 in Unarmed Combat
  2383 | D:4      | Reached skill level 1 in Shields
  2398 | D:4      | Found Edoarphi's General Store.
  2482 | D:4      | Reached XP level 6. HP: 51/55 MP: 5/5
  2720 | D:4      | Reached skill level 6 in Unarmed Combat
  2728 | D:4      | Found a shadowy altar of Dithmenos.
  2758 | D:4      | Noticed Eustachio
  2839 | D:4      | Reached *** piety under Zin
  3211 | D:4      | Killed Eustachio
  3212 | D:4      | Reached skill level 7 in Unarmed Combat
  3212 | D:4      | Reached XP level 7. HP: 51/62 MP: 6/6
  3291 | D:5      | Entered Level 5 of the Dungeon
  3398 | D:5      | Reached skill level 1 in Invocations
  3579 | D:5      | Reached XP level 8. HP: 68/70 MP: 8/8
  3687 | D:5      | Reached skill level 8 in Unarmed Combat
  3712 | D:5      | Reached **** piety under Zin
  4548 | D:6      | Found a staircase to the Ecumenical Temple.
  5216 | Temple   | Entered the Ecumenical Temple
  5488 | D:7      | Noticed Prince Ribbit
  5492 | D:7      | Reached skill level 9 in Unarmed Combat
  5499 | D:7      | Killed Prince Ribbit
  5600 | D:7      | Reached XP level 9. HP: 57/76 MP: 10/10
  5678 | D:7      | Found a runed translucent door.
  5679 | D:7      | Noticed Crazy Yiuf
  5718 | D:7      | Killed Crazy Yiuf
  5891 | D:7      | Noticed Menkaure
  5896 | D:7      | Killed Menkaure
  5897 | D:7      | Reached skill level 10 in Unarmed Combat
  5998 | D:7      | Reached ***** piety under Zin
  6113 | D:7      | Noticed Duvessa
  6114 | D:7      | Noticed Dowan
  6129 | D:7      | Killed Duvessa
  6130 | D:7      | Reached skill level 5 in Shields
  6150 | D:7      | Killed Dowan
  6151 | D:7      | Reached skill level 1 in Armour
  6837 | D:8      | Noticed a troll
  6857 | D:8      | Killed a troll
  6868 | D:8      | Reached skill level 11 in Unarmed Combat
  7202 | D:8      | Reached XP level 10. HP: 91/91 MP: 11/11
  7210 | D:8      | Found a radiant altar of Vehumet.
  7317 | D:9      | Noticed Erolcha
  7328 | D:9      | Killed Erolcha
  7478 | D:9      | Found a shimmering altar of Xom.
  7928 | D:9      | Noticed Grum
  7961 | D:9      | Killed Grum
  8177 | D:9      | Found a bloodstained altar of Trog.
  8404 | D:10     | Entered Level 10 of the Dungeon
  8425 | D:10     | Noticed a white ugly thing
  8437 | D:10     | Killed a white ugly thing
  8438 | D:10     | Reached skill level 12 in Unarmed Combat
  8678 | D:10     | Reached ****** piety under Zin
  8699 | D:10     | Reached skill level 5 in Fighting
  8834 | D:10     | Noticed a gargoyle
  8842 | D:10     | Killed a gargoyle
  8843 | D:10     | Reached XP level 11. HP: 100/102 MP: 12/12
  9257 | Temple   | Fell from the grace of Zin
  9257 | Temple   | Became a worshipper of Elyvilon the Healer
  9257 | Temple   | Reached * piety under Elyvilon
  9257 | Temple   | Reached ** piety under Elyvilon
  9257 | Temple   | Reached *** piety under Elyvilon
  9284 | Temple   | Fell from the grace of Elyvilon
  9284 | Temple   | Became a worshipper of Warmaster Okawaru
  9545 | D:11     | Found a staircase to the Orcish Mines.
  9545 | D:11     | Found Atobrale's Weapon Shop.
  9661 | D:11     | Noticed a glowing orange brain
  9674 | D:11     | Reached skill level 13 in Unarmed Combat
  9681 | D:11     | Reached * piety under Okawaru
  9709 | D:11     | a glowing orange brain changed into a dream sheep
  9824 | D:11     | Reached ** piety under Okawaru
  9875 | D:11     | Found a staircase to the Lair.
  9890 | D:11     | Found a gate leading to a gauntlet.
  9897 | Gauntlet | Entered a Gauntlet
  9897 | Gauntlet | Found a transporter.
  9897 | Gauntlet | Found a transporter.
  9897 | Gauntlet | Found a transporter.
  9897 | Gauntlet | Noticed a large abomination
  9899 | Gauntlet | Found a transporter.
  9913 | Gauntlet | Noticed a death ooze
  9917 | Gauntlet | Found a transporter.
  9926 | Gauntlet | Found a transporter.
  9929 | Gauntlet | Found a transporter.
  9942 | Gauntlet | Noticed a catoblepas
  9978 | Gauntlet | Got a slimy bone ring
  9979 | Gauntlet | Identified the ring "Doluogi" {rElec Will+ Slay+2 SInv}
                  | (You found it in a Gauntlet)
 10018 | Gauntlet | Killed a death ooze
 10021 | Gauntlet | Reached *** piety under Okawaru
 10085 | Gauntlet | Noticed a minotaur
 10101 | Gauntlet | Killed a minotaur
 10133 | Gauntlet | Identified the Grimoire of Fiery Curses
 10136 | Gauntlet | Identified the Grimoire of the Oath
 10155 | D:11     | Found a flagged portal.
 10170 | Bailey   | Entered a bailey
 10217 | Bailey   | Noticed an orc knight
 10229 | Bailey   | Killed an orc knight
 10230 | Bailey   | Reached skill level 14 in Unarmed Combat
 10232 | Bailey   | Found a bloodstained altar of Trog.
 10382 | D:11     | Noticed a boulder beetle
 10588 | D:11     | Got a dazzling short sword
 10589 | D:11     | Identified the +8 short sword of the Devouring Weasel
                  | {freeze, Str+2 SInv} (You found it on level 11 of the
                  | Dungeon)
 10684 | D:11     | Reached **** piety under Okawaru
 10919 | D:11     | Killed a boulder beetle
 10920 | D:11     | Reached XP level 12. HP: 72/113 MP: 14/14
 10974 | D:11     | Reached skill level 1 in Stealth
 11341 | D:12     | Learned a level 1 spell: Apportation
 11504 | D:12     | Found Xiqalomp's Demolitions Depot.
 11800 | D:12     | Noticed a queen ant
 11801 | D:12     | Noticed an entropy weaver
 11825 | D:12     | Reached skill level 5 in Invocations
 11840 | D:12     | Reached ***** piety under Okawaru
 11848 | D:12     | Killed an entropy weaver
 11941 | D:12     | Killed a queen ant
 12213 | D:12     | Noticed an entropy weaver
 12223 | D:12     | Killed an entropy weaver
 12223 | D:12     | Received a gift from Okawaru
 12383 | D:13     | Noticed a war gargoyle
 12400 | D:13     | Killed a war gargoyle
 12419 | D:13     | Noticed a tengu warrior
 12634 | D:13     | Noticed a six-headed hydra
 12638 | D:13     | Noticed a seven-headed hydra
 12663 | D:12     | Killed a six-headed hydra
 12674 | D:12     | Killed a tengu warrior
 12675 | D:12     | Reached skill level 15 in Unarmed Combat
 12849 | D:12     | Killed a seven-headed hydra
 12850 | D:12     | Reached XP level 13. HP: 49/127 MP: 14/16
 13135 | D:13     | Found a gate to the Vaults.
 13168 | D:13     | Received a gift from Okawaru
 13632 | D:13     | Found a runed translucent door.
 13634 | D:13     | Noticed ardl's ghost (weakling FoDe)
 13732 | Orc:1    | Entered Level 1 of the Orcish Mines
 13752 | Orc:1    | Noticed an orc warlord
 13868 | Orc:1    | Killed an orc warlord
 13869 | Orc:1    | Reached skill level 5 in Throwing
 14164 | Orc:2    | Entered Level 2 of the Orcish Mines
 14411 | Orc:2    | Found Vuomoud's General Store.
 14419 | Orc:2    | Noticed an orc warlord
 14463 | Orc:1    | Killed an orc warlord
 14463 | Orc:1    | Received a gift from Okawaru
 14529 | Orc:2    | Found Davul's Book Boutique.
 14659 | Orc:2    | Found Sugy's Antique Weapon Emporium.
 14749 | Orc:2    | Found a staircase to the Elven Halls.
 14871 | Orc:2    | Reached XP level 14. HP: 127/137 MP: 18/18
 14923 | Orc:2    | Found a roughly hewn altar of Beogh.
 15068 | Orc:2    | Found a roughly hewn altar of Beogh.
 15241 | Orc:2    | Found Eproptub's Antique Armour Emporium.
 15941 | Orc:2    | Bought a manual of Armour for 1435 gold pieces
 15953 | Orc:2    | Bought a scroll of magic mapping for 49 gold pieces
 15953 | Orc:2    | Bought a scroll of enchant armour for 105 gold pieces
 15953 | Orc:2    | Bought a potion of resistance for 140 gold pieces
 16021 | Lair:1   | Entered Level 1 of the Lair of Beasts
 16021 | Lair:1   | Noticed Sonja
 16022 | Lair:1   | Killed Sonja
 16193 | Lair:1   | Noticed Nergalle
 16202 | Lair:1   | Killed Nergalle
 16210 | Lair:1   | Reached skill level 5 in Armour
 16462 | Lair:1   | Reached skill level 16 in Unarmed Combat
 16962 | Lair:2   | Noticed Erica
 16970 | Lair:2   | Killed Erica
 17208 | Lair:2   | Found a staircase to the Snake Pit.
 18216 | Lair:3   | Reached ****** piety under Okawaru
 19215 | Lair:4   | Found a staircase to the Shoals.
 19313 | Lair:4   | Received a gift from Okawaru
 19494 | Lair:4   | Received a gift from Okawaru
 19497 | Lair:4   | Got a jewelled kite shield {god gift}
 19508 | Lair:4   | Identified the +2 kite shield of Pantheism {rN+ rCorr}
                  | (Okawaru gifted it to you on level 4 of the Lair of Beasts)
 20058 | Lair:5   | Found a staircase to the Slime Pits.
 20063 | Lair:5   | Reached skill level 10 in Fighting
 20111 | Lair:5   | Found a one-way gate to the infinite horrors of the Abyss.
 20125 | Lair:5   | Found a corrupted altar of Lugonu.
 20326 | Lair:5   | Reached XP level 15. HP: 149/149 MP: 20/20
 20662 | Slime:1  | Entered Level 1 of the Pits of Slime
 20662 | Slime:1  | Noticed an azure jelly
 20679 | Lair:6   | Entered Level 6 of the Lair of Beasts
 21139 | Lair:6   | Received a gift from Okawaru
 21369 | Lair:6   | Received a gift from Okawaru
 21867 | Lair:6   | Reached skill level 10 in Armour
 22197 | D:13     | Killed ardl's ghost
 22420 | D:14     | Noticed Kirke
 22427 | D:14     | Noticed a sphinx
 22430 | D:14     | Killed Kirke
 22470 | D:14     | Noticed Josephine
 22487 | D:14     | Killed Josephine
 22996 | D:14     | Reached skill level 17 in Unarmed Combat
 23097 | D:15     | Entered Level 15 of the Dungeon
 23324 | D:15     | Received a gift from Okawaru
 23372 | D:15     | Found a staircase to the Depths.
 23512 | D:15     | Identified Roxanne's Almanac of Transmutation
 23512 | D:15     | Noticed Roxanne
 23539 | D:15     | Killed Roxanne
 23569 | D:15     | Noticed ZLogic's ghost (journeyman SpEn)
 23577 | D:15     | Found a runed translucent gate.
 23577 | D:15     | Found a runed translucent gate.
 23577 | D:15     | Found a runed translucent gate.
 23605 | D:15     | Reached XP level 16. HP: 157/158 MP: 14/21
 23683 | D:15     | Got a vibrating steel ring
 23845 | D:15     | Killed ZLogic's ghost
 23936 | D:15     | Received a gift from Okawaru
 24042 | D:15     | Identified the ring of Xom's Whimsicality {rF+ rC+ rCorr}
                  | (You found it on level 15 of the Dungeon)
 24609 | Elf:1    | Entered Level 1 of the Elven Halls
 24648 | Elf:1    | Killed from afar by a deep elf death mage

Illustrated notes

Levels and vault maps discovered:
D:1:      tarquinn_simple_flora_water_a, layout_basic
D:2:      layout_loops_corners, nicolae_overflow_crystal_walls,
          chequers_ecumenical_altar_twisty
D:3:      layout_rooms, minmay_snake_closets, uniq_ijyb
D:4:      layout_gridville, nicolae_dithmenos_shadow_blocks, serial_shops,
          nicolae_shop_behind_doors, st_stairs_4, minmay_puff, uniq_eustachio
D:5:      kennysheep_spiral_hall, layout_loops_ring
D:6:      layout_basic, minmay_temple_entry_stoned_glass, water_boxes_lemuel
D:7:      layout_basic, serial_corexii_hall, corexii_hall_statues_u,
          corexii_hall_statues_x, chequers_hall_statues_wall_a,
          corexii_hall_statues_i, uniq_duvessa, uniq_crazy_yiuf_cottage,
          uniq_menkaure, uniq_prince_ribbit1
D:8:      layout_gridville, kennysheep_mini_moat
D:9:      layout_irregular_city, bloody_trog, basic_altar,
          serial_co_window_serial, co_window_of_opportunity_a,
          co_window_paths_a, co_window_paths_b, co_window_corner_a,
          co_window_paths_b, co_window_broadway_c, co_window_2corner,
          co_window_broadway_c, co_window_cross_2, co_window_2corner,
          co_window_paths_c, co_window_4corner_a, glass_columns_a,
          glass_columns_a, glass_columns_b, glass_columns_c, glass_columns_a,
          uniq_erolcha, uniq_grum
D:10:     layout_roguey
D:11:     layout_long_grid, lair_entry_dummy, orc_david_3,
          gauntlet_entry_generic, enter_bailey_3, minivault_25_ag,
          minmay_shattered_shrine
D:12:     layout_cross, nicolae_blasting_shop, minmay_another_anthill
D:13:     layout_long_grid, erik_vaults_2, ebering_ghost_inner_flame,
          kennysheep_island_fort
D:14:     layout_irregular_city, serial_column_ruins, column_ruins_circle_small,
          column_ruins_hut, column_ruins_corridor_straight,
          column_ruins_corridor_dead_end, column_ruins_columns_water,
          column_ruins_grid_1, column_ruins_columns_straight,
          kennysheep_cross_bottleneck, hangedman_stone_soup, uniq_kirke,
          uniq_josephine
D:15:     gammafunk_depths_entry_grave, layout_stronghold,
          roderic_lattice_octagonal_star, gammafunk_ghost_split, serial_undead,
          serial_undead_e, serial_undead_f, serial_undead_a, serial_undead_d,
          uniq_roxanne
Temple:   dpeg_five_rooms_temple
Lair:1:   layout_chaotic_city, minmay_lair_oklob_items,
          hangedman_lair_generics_rect, lemuel_fruit_tree,
          infiniplex_staircase_pool_2, uniq_sonja, uniq_nergalle
Lair:2:   lemuel_ratsnest, layout_cellular_growth, guppyfry_snake_entry_island,
          grunt_forest_large_clearings, uniq_erica
Lair:3:   layout_long_grid
Lair:4:   layout_regular_city, minmay_shoals_entry_lonely_mermaid,
          serial_bayou_ford_a, minmay_lair_oklob_chamber
Lair:5:   layout_cave_shapes, slime_dummy, serial_bayou_pond_c,
          chequers_serial_rivers_small_a, amcnicky_altar_lugonu_corruption
Lair:6:   gammafunk_lair_ancient_temple, layout_regular_city,
          wad_woods_river_03, st_stairs_4
Slime:1:  layout_caves, cheibrodos_slime_lost_civilization_4
Orc:1:    layout_caves
Orc:2:    grunt_orc_gardens, layout_caves, grunt_orc_garden, grunt_orc_garden,
          grunt_orc_garden, grunt_orc_garden, basic_altar, bh_open_orc_temple
Elf:1:    layout_loops_cross, evilmike_minifort

Skill      XL: |  1  2  3  4  5  6  7  8  9 10 11 12 13 14 15 |
---------------+----------------------------------------------+-----
Unarmed Combat | 1 2 3 4 5 7 9 11 12 14 15 16 17 | 17.1
Shields        | 1 2 3 4 5 6 8 9 |  9.0
Invocations    | 1 3 4 6 7 9 |  9.0
Fighting       | 3 5 7 8 10 | 10.1
Armour         | 1 4 7 12 | 12.9
Dodging        | 2 |  2.0
Stealth        | 1 |  1.0
Throwing       | 5 7 9 |  9.0

Action                   |  1- 3 |  4- 6 |  7- 9 | 10-12 | 13-15 | 16-18 || total
-------------------------+-------+-------+-------+-------+-------+-------++-------
Melee: Unarmed           |    95 |   178 |   385 |   704 |  1416 |   256 ||  3034
       Punch             |       |     3 |       |       |       |       ||     3
Throw: Large rock        |     4 |       |       |     8 |     2 |    14 ||    28
Invok: Donate Gold       |     1 |       |       |       |       |       ||     1
       Vitalisation      |       |       |     3 |     1 |       |       ||     4
       Heroism           |       |       |       |     7 |    10 |     1 ||    18
       Finesse           |       |       |       |     1 |     4 |       ||     5
Evoke: Condenser vane    |       |       |       |       |     1 |       ||     1
  Use: Scroll            |       |     7 |     7 |     5 |    12 |     1 ||    32
       Potion            |       |       |       |     5 |     1 |       ||     6
 Stab: Sleeping          |     3 |     1 |     2 |     6 |    13 |     1 ||    26
       Distracted        |       |       |       |       |     3 |       ||     3
Armor: Robe              |    54 |    80 |    60 |       |       |       ||   194
       Troll leather arm |       |       |    10 |    63 |       |       ||    73
       Shadow dragon sca |       |       |       |   145 |   387 |    56 ||   588
Dodge: Dodged            |    62 |    97 |    73 |   148 |   199 |    19 ||   598
Block: Kite shield       |       |    70 |   264 |   524 |   990 |    93 ||  1941
       Reflection        |       |     2 |     2 |    70 |    26 |     2 ||   102
       Tower shield      |       |       |       |       |       |    30 ||    30
